Zazza, neutral female human Tourist # --+-- |...| --------- |...-# ##-.......-# |...|# --------- # |....Sf.|# |...|# |.......| ----------- #####.....S@d|# |...|# |......>| |.........| ## |....SSS|# |...|# ##........| |..........### ---------# ---.-# # -|------- |.........|# # # # ### # |..........# # ### # # ### ----- ----------- ########## # #### # ##-...| #------# # ## # # |??.| #|....|######### # ### # ### |??.| #|....| -.-|--####---.------- # ----- #-....| |....|# #-.........| ### |....-#######|.<..|# |.........| # --|--- #......# |.........-#### # |....| |.........| ------ ----------- Zazza the Sightseer Experience level: 5 Strength: 4 Dexterity: 14 Constitution: 18 Intelligence: 13 Wisdom: 10 Charisma: 12 Health: 0(51) Energy: 16(16) Def: 9 Gold: 0 Moves: 6185 Dungeon seed: tnQVX0Tvh50hiSKf Game ID: Zazza_1532967266 Your Inventory: Weapons a - 35 +2 darts (in quiver) H - 5 blessed +1 shuriken I - 2 +0 orcish daggers (wielded) Armor e - an uncursed +0 orcish helm (being worn) n - a cursed +0 elven mithril-coat r - an uncursed +1 pair of elven boots (being worn) N - an uncursed +0 banded mail (being worn) U - an uncursed +0 Hawaiian shirt (being worn) Y - an uncursed +0 dwarvish cloak (being worn) Wands w - a cursed wand of create monster (0:6) A - a cursed wand of sleep (0:6) B - a cursed wand of striking (0:1) Tools k - an expensive camera (0:80) l - an uncursed credit card q - an uncursed stethoscope y - an uncursed towel J - an uncursed mirror W - 3 uncursed wax candles (0:400) Spells and supernatural/magical abilities: Name Level Category Fail Memory a - force bolt 1 attack 100% 88% j - jumping 1 escape 100% 92% m - magic missile 2 attack 100% 76% W - pray for help -- divine ? -- Your skills at the end: Fighting Skills Weapon Skills dagger [Basic] dart [Basic] Spellcasting Skills Final Attributes: You were piously aligned. You were telepathic. You were stealthy. You are dead. Vanquished creatures: a ghost 2 small mimics a leprechaun a dog a housecat 5 water moccasins a rock piercer a pony a yellow light a shrieker 2 gnome lords a kobold mummy a giant ant 3 floating eyes a dwarf 2 homunculi a kobold shaman 2 rothes a rabid rat a centipede 3 giant bats 2 dwarf zombies 2 werejackals 2 iguanas 5 killer bees an acid blob 7 coyotes a gas spore a hobbit 5 manes a large kobold a hobgoblin a giant rat 3 cave spiders a green mold 2 garter snakes 3 geckos 24 jackals a fox 2 kobolds 3 goblins a sewer rat 16 grid bugs 7 lichens 2 kobold zombies 13 newts 140 creatures vanquished. Voluntary challenges: You had been an atheist until turn 1861. You used a wielded weapon 120 times, starting on turn 1680. You read items or engraved 8 times, starting on turn 1006. You never genocided any monsters. You never polymorphed an object. You never changed form. You used no wishes. You never split a pudding. You never wrote Elbereth's name. You never violated your personal moral code. Dungeon overview: The Dungeons of Doom: levels 1 to 7 Level 1 some fountains a long staircase Level 2 <- You were here a scroll shop Level 3 a general store stairs to The Gnomish Mines Level 4 a general store, a fountain, a sink Level 5 some fountains, some sinks Level 6 (home) a scroll shop Level 7 The Gnomish Mines: Level 4 stairs to The Dungeons of Doom History has recorded: On T:1 you entered the Dungeons of Doom to retrieve the Amulet of Yendor! On T:544 you reached level 2 of The Dungeons of Doom. On T:1382 you reached level 3 of The Dungeons of Doom. On T:1472 you advanced to experience level 2. On T:1569 you advanced to experience level 3. On T:2130 you reached level 4 of The Dungeons of Doom. On T:2472 you advanced to experience level 4. On T:2824 you reached level 5 of The Dungeons of Doom. On T:3443 you advanced to experience level 5. On T:4013 you reached level 6 of The Dungeons of Doom. On T:4620 you reached level 7 of The Dungeons of Doom. On T:4891 you reached level 1 of The Gnomish Mines. Score breakdown: Gold: 0 ( 0 points) Experience: 5 levels (11141 points) Exploration: 7 levels ( 14.58%) (10718 points) Discoveries: 8 items ( 2.68%) ( 4915 points) Valuables value: (no points given unless you survive) Artifact value: 0 ( 0 points) Variety of kills: 46 monsters ( 12.07%) (10424 points) Turncount: 6185 turns (-1668 points) Survival: died (score multiplied by 80%) Total score: 28424 Latest messages: The newt is killed! There's some graffiti on the floor here. You read: "They say that a clo?e f g?rli? ma|es a g?od talismar if han|led ri?ht.". An endless stream of snakes pours forth! The fountain dries up! The water moccasin bites! The water moccasin misses. The water moccasin bites! The water moccasin's bite was poisoned! The water moccasin bites! (3x) The large dog misses the water moccasin. Armand bites the water moccasin. The water moccasin bites Armand. The large dog bites the water moccasin. Armand bites the water moccasin. The water moccasin is killed! The water moccasin bites! (2x) The water moccasin misses. (3x) The large dog misses the water moccasin. The water moccasin bites! The water moccasin just misses! The water moccasin bites! (3x) You die... Final status: Aloha Zazza the Tourist, killed by a water moccasin... You died in The Dungeons of Doom on dungeon level 2 with 28424 points, and 0 pieces of gold, after 6185 moves. You were level 5 with a maximum of 51 hit points when you died.